 Dungeon Crawl Stone Soup version 0.25-a0-835-gb37b1c2 (webtiles) character file.

Game seed: 868499285034054109, levelgen mode: deterministic

8 smeego the Shield-Bearer (level 2, -1/21 HPs)
             Began as an Octopode Fighter on Apr 23, 2020.
             Slain by an adder (4 damage)
             ... on level 2 of the Dungeon.
             The game lasted 00:00:14 (98 turns).

smeego the Shield-Bearer (Octopode Fighter)           Turns: 98, Time: 00:00:14

Health: -1/21      AC:  1    Str: 15    XL:     2   Next: 8%
Magic:  2/2        EV: 11    Int: 10    God:
Gold:   26         SH:  8    Dex: 11    Spells: 1/1 levels left

rFire    . . .     SeeInvis .   a - +0 long sword
rCold    . . .     Gourm    .   b - +0 kite shield
rNeg     . . .     Faith    .   (helmet restricted)
rPois    .         Spirit   .   (no amulet)
rElec    .         Reflect  .   (no ring)
rCorr    .         Harm     .   (no ring)
MR       .....                  (no ring)
Stlth    ++........             (no ring)
HPRegen  0.07/turn              (no ring)
MPRegen  0.08/turn              (no ring)
                                (no ring)
                                (no ring)

@: mighty, lethally poisoned (-1 -> -3)
A: almost no armour, stealthy swim, amphibious, 8 rings, constrict 8, camouflage
1, gelatinous body 1
a: no special abilities


You were on level 2 of the Dungeon.
You were not hungry.

You visited 1 branch of the dungeon, and saw 2 of its levels.

You collected 26 gold pieces.

Inventory:

Hand Weapons
 a - a +0 long sword (weapon)
Armour
 b - a +0 kite shield (worn)
Scrolls
 e - a scroll of teleportation {unknown}
Comestibles
 d - a ration


   Skills:
 + Level 3.0 Fighting
 * Level 2.2 Long Blades
 + Level 3.0 Dodging
 + Level 0.8 Stealth
 + Level 3.0 Shields
 + Level 0.3 Unarmed Combat


You had one spell level left.
You didn't know any spells.
Your spell library was empty.

Dungeon Overview and Level Annotations

Branches:
Dungeon (2/15)

Altars:


Innate Abilities, Weirdness & Mutations

You cannot wear most types of armour.
You are very stealthy in the water. (Stealth+)
You are amphibious.
You can wear up to eight rings at the same time.
You can use your tentacles to constrict eight enemies at once.
Your skin changes colour to match your surroundings (Stealth+).
Your rubbery body absorbs attacks. (AC +1, EV +1)


Message History

The adder is severely wounded.
The adder bites you.
You are poisoned.
The adder poisons you! You block the adder's attack.
The kobold throws a stone.
You block the stone.
Unknown command.
You feel sick.
The kobold throws a stone.
The stone hits you but does no damage.
You see here a stone.
The kobold throws a stone.
You block the stone. You block the adder's attack.
You see here a stone.
You feel very mighty all of a sudden. The adder bites you.
* * * LOW HITPOINT WARNING * * *
Your shield prevents you from hitting the adder.
Your grab misses the adder.
The adder is severely wounded.
* * * LOW HITPOINT WARNING * * *
You feel sick. You block the adder's attack. The adder bites you.
You die...

#.........# #.........#
#.........###
#...$.......
#.........#
#####.....)...# ####
#...#.....(...#§# ..#
#...#...S(K....§.
#.#####...####@####.#§#
#.#.......'....# #
#.........######
#<..###...#....#
#####..........##.
###...........
#........## #........#
##.......#


You could see an adder and a kobold.

Vanquished Creatures
  A giant cockroach (D:2)
  A hobgoblin (D:1)
  3 jackals (D:1)
  A kobold (D:2)
6 creatures vanquished.

Notes
Turn   | Place    | Note
-------+----------+-------------------------------------------
     0 | D:1      | smeego the Octopode Fighter began the quest for the Orb.
     0 | D:1      | Reached XP level 1. HP: 16/16 MP: 1/1
    73 | D:2      | Reached XP level 2. HP: 12/21 MP: 2/2
    98 | D:2      | Slain by an adder

Levels and vault maps discovered:
D:1:      denvon_arrival_planthouse, layout_basic, minmay_misc_feat_enclosed
D:2:      cheibrodos_pilgrimage, layout_basic, nicolae_overflow_crystal_walls,
          grunt_dithmenos_smoke_and_mirrors, lemuel_coloured_pillars_altar

Action                   || total
-------------------------++-------
Melee: Long sword        ||    14
       Constrict         ||     5
       Tentacles         ||     4
  Use: Potion            ||     1
 Stab: Sleeping          ||     1
Armor: Skin              ||     1
Dodge: Dodged            ||     5
Block: Kite shield       ||    10
       Rpst.: Long sword ||     1

Table legend:
 A = Non-vault XP
 B = Vault XP
 C = Vault XP percentage of total XP
 D = Non-vault monster count
 E = Vault monster count
 F = Vault count percentage of total count
                 A         B        C        D         E       F
            +---------+---------+-------+---------+---------+-------
      Total |      12 |       0 |   0.0 |       6 |       0 |   0.0
            +---------+---------+-------+---------+---------+-------
        D:1 |       8 |       0 |   0.0 |       4 |       0 |   0.0
        D:2 |       4 |       0 |   0.0 |       2 |       0 |   0.0
            +---------+---------+-------+---------+---------+-------
